 Dungeon Crawl Stone Soup version 0.19.1 (webtiles) character file.

88 Firecrotchwizard the Conjurer (level 4, -6/24 HPs)
             Began as a Deep Elf Conjurer on Dec 27, 2016.
             Mangled by bootybruja's ghost (14 damage)
             ... on level 3 of the Dungeon.
             The game lasted 00:06:37 (1772 turns).

Firecrotchwizard the Conjurer (Deep Elf Conjurer)   Turns: 1772, Time: 00:06:38

Health: -6/24      AC:  2    Str:  6    XL:     4   Next: 29%
Magic:  4/12       EV: 13    Int: 20    God:
Gold:   62         SH:  0    Dex: 15    Spells: 3 memorised, 4 levels left

rFire  . . .     SeeInvis .     g - +2 dagger (venom)
rCold  . . .     Gourm    .     a - +0 robe
rNeg   . . .     Faith    .     (no shield)
rPois  +         Spirit   .     (no helmet)
rElec  .         Reflect  .     (no cloak)
rCorr  .         Harm     .     (no gloves)
MR     .....                    (no boots)
Stlth  ++........               (no amulet)
                                (no ring)
                                p - ring of poison resistance

@: no status effects
A: no striking features
a: no special abilities


You were on level 3 of the Dungeon.
You were hungry.

You visited 1 branch of the dungeon, and saw 3 of its levels.

You collected 62 gold pieces.

Inventory:

Hand Weapons
 d - a +0 short sword
 g - a +2 dagger of venom (weapon)
Armour
 a - a +0 robe (worn)
Jewellery
 p - a ring of poison resistance (left hand)
Scrolls
 e - a scroll of noise {unknown}
 j - a scroll of immolation {unknown}
 m - a scroll of remove curse {unknown}
Potions
 k - 2 potions of heal wounds {unknown}
 l - a potion of haste {unknown}
 n - a potion of flight {unknown}
Books
 b - a book of Conjurations

   Spells                             Type                      Level
   a - Magic Dart                     Conjuration                  1
   b - Searing Ray                    Conjuration                  2
   c - Dazzling Spray                 Conjuration/Hexes            3
   d - Fulminant Prism                Conjuration/Hexes            4
   e - Iskenderun's Mystic Blast      Conjuration                  4
   f - Iskenderun's Battlesphere      Conjuration/Charms           5
Comestibles
 c - 4 bread rations
 f - 4 fruits
 h - 2 meat rations
 i - a beef jerky
 o - a royal jelly
 q - a chunk of flesh


   Skills:
 - Level 2.4 Dodging
 - Level 2.4 Stealth
 - Level 4.2 Spellcasting
 * Level 5.8 Conjurations


You had 4 spell levels left.
You knew the following spells:

 Your Spells              Type           Power        Failure   Level  Hunger
a - Magic Dart            Conj           ####         1%          1    None
b - Searing Ray           Conj           ####..       1%          2    #......
c - Iskenderun's Mystic   Conj           ####....     14%         4    ####...


Dungeon Overview and Level Annotations

Branches:
Dungeon (3/15)

Altars:
Ashenzari
Hepliaklqana
Trog
Yredelemnul

Annotations:
D:3 bootybruja's ghost, amateur HOFi


Message History

The searing ray misses bootybruja's ghost.
Bootybruja's ghost closely misses you.
The searing ray hits bootybruja's ghost.
Bootybruja's ghost is lightly damaged.
You finish channeling your searing ray.
Bootybruja's ghost hits you!
Casting: Searing Ray
Confirm with . or Enter, or press ? or * to list all spells.
Aiming: Searing Ray
Press: ? - help, Shift-Dir - straight line, f/p - bootybruja's ghost
Aim: bootybruja's ghost (lightly damaged)
The searing ray misses bootybruja's ghost.
Bootybruja's ghost hits you!
The searing ray hits bootybruja's ghost.
Bootybruja's ghost is lightly damaged.
Bootybruja's ghost closely misses you.
The searing ray hits bootybruja's ghost.
Bootybruja's ghost is moderately damaged.
Bootybruja's ghost hits you!
Ouch! That really hurt!
You die...

#......
#######....<.
#........†...
#....W....###
######.........#
#..............#
#.####.........###
#W# ##...#####..<
#@# #§§§# #... #.#
#§§§# #... #.#
#.§§# #... #.#
#...#####.## #..
.....§.§..# #..§
§.....§§§..# ##.§§
..)§§§.)# ####
..#####.# # § #.#


You could see bootybruja's ghost.

Vanquished Creatures
  2 adders (D:2)
  3 dart slugs (D:1)
  A leopard gecko (D:1)
  2 orcs (D:3)
  2 giant cockroaches (D:1)
  9 goblins
  10 hobgoblins
  2 jackals (D:1)
  8 kobolds
  A quokka (D:2)
  6 bats
  3 frilled lizards (D:1)
  6 rats
55 creatures vanquished.

Vanquished Creatures (others)
  2 leopard geckos (D:3)
  4 orcs (D:3)
6 creatures vanquished.

Grand Total: 61 creatures vanquished

Notes
Turn   | Place    | Note
-------+----------+-------------------------------------------
     0 | D:1      | Firecrotchwizard the Deep Elf Conjurer began the quest for the Orb.
     0 | D:1      | Reached XP level 1. HP: 10/10 MP: 6/6
   159 | D:1      | Reached XP level 2. HP: 7/15 MP: 5/8
   529 | D:1      | Reached skill level 5 in Conjurations
   654 | D:1      | Reached XP level 3. HP: 13/19 MP: 2/10
   915 | D:1      | Learned a level 2 spell: Searing Ray
  1100 | D:1      | You fall through a shaft!
  1104 | D:2      | Found a bloodstained altar of Trog.
  1331 | D:2      | Reached XP level 4. HP: 24/24 MP: 12/12
  1337 | D:2      | Learned a level 4 spell: Iskenderun's Mystic Blast
  1383 | D:2      | Found a shattered altar of Ashenzari.
  1416 | D:2      | Found a hazy altar of Hepliaklqana.
  1524 | D:2      | Found a basalt altar of Yredelemnul.
  1677 | D:3      | Noticed bootybruja's ghost (amateur HOFi)
  1772 | D:3      | Mangled by bootybruja's ghost

Skill      XL: |  1  2  3 |
---------------+----------+-----
Conjurations   | 5 |  5.8
Spellcasting   | 4 |  4.2
Dodging        | |  2.4
Stealth        | |  2.4

Action                   |  1- 3 |  4- 6 || total
-------------------------+-------+-------++-------
Melee: Short sword       |     6 |       ||     6
       Dagger            |    15 |     1 ||    16
 Cast: Magic Dart        |    65 |    13 ||    78
       Searing Ray       |     1 |     2 ||     3
 Stab: Sleeping          |     4 |       ||     4
  Eat: Chunk             |     1 |     1 ||     2
Armor: Robe              |     1 |       ||     1
Dodge: Dodged            |    14 |     3 ||    17
